 Dungeon Crawl Stone Soup version 0.25-a0-661-g55ea3d2053 (webtiles) character file.

Game seed: 15372787957230991908, levelgen mode: deterministic

46 Amnesiac the Cutter (level 3, -6/25 HPs)
             Began as a Halfling Monk on Mar 23, 2020.
             Killed from afar by Blork the orc (7 damage)
             ... with a puff of flame
             ... on level 4 of the Dungeon.
             The game lasted 00:02:12 (418 turns).

Amnesiac the Cutter (Halfling Monk)                  Turns: 418, Time: 00:02:12

Health: -6/25      AC:  5    Str: 12    XL:     3   Next: 95%
Magic:  3/3        EV: 14    Int:  8    God:
Gold:   11         SH:  0    Dex: 17    Spells: 2/2 levels left

rFire    . . .     SeeInvis .   a - +0 short sword
rCold    . . .     Gourm    .   (shield restricted)
rNeg     . . .     Faith    .   d - +0 ring mail
rPois    .         Spirit   .   (no helmet)
rElec    .         Reflect  .   (no cloak)
rCorr    .         Harm     .   (no gloves)
MR       .....                  (no boots)
Stlth    ++........             (no amulet)
HPRegen  0.08/turn              (no ring)
MPRegen  0.08/turn              (no ring)

@: no status effects
A: small, mutation resistance 1
a: no special abilities


You were on level 4 of the Dungeon.
You were not hungry.

You visited 1 branch of the dungeon, and saw 4 of its levels.

You collected 11 gold pieces.

Inventory:

Hand Weapons
 a - a +0 short sword (weapon)
Armour
 d - a +0 ring mail (worn)
 e - a +0 chain mail
Potions
 b - a potion of stabbing {!q, unknown}
Comestibles
 c - a ration


   Skills:
 - Level 2.6 Fighting
 + Level 4.3 Short Blades
 - Level 3.2 Dodging
 * Level 4.0 Stealth


You had 2 spell levels left.
You didn't know any spells.
Your spell library was empty.

Dungeon Overview and Level Annotations

Branches:
Dungeon (4/15)
 Temple: D:4-7

Altars:
Hepliaklqana

Annotations:
D:4 Blork the orc


Innate Abilities, Weirdness & Mutations

You are small and have problems with some larger weapons.
You are somewhat resistant to further mutation.


Message History

Blork the orc screams, "I'm much stronger than you!"
Blork the orc gestures at you while chanting.
The puff of flame hits you.
Really quaff
f - an inky potion {!q}?
It was a potion of lignification {!q}.
You turn into a tree.
Your roots penetrate the ground.
You hit Blork the orc.
Blork the orc is lightly wounded.
You closely miss Blork the orc.
Blork the orc is lightly wounded.
Blork the orc hits you with a +2 broad axe of draining.
You hit Blork the orc but do no damage.
Blork the orc is lightly wounded.
Blork the orc hits you but does no damage.
You hit Blork the orc.
Blork the orc is moderately wounded.
You hit Blork the orc but do no damage.
Blork the orc is moderately wounded.
Blork the orc hits you but does no damage.
You hit Blork the orc.
Blork the orc is moderately wounded.
Blork the orc points at you and mumbles some strange words.
The magic dart hits you.
You hit Blork the orc.
Blork the orc is heavily wounded.
Your transformation is almost over.
Blork the orc hits you with a +2 broad axe of draining.
* * * LOW HITPOINT WARNING * * *
You hit Blork the orc.
Blork the orc is heavily wounded.
You hit Blork the orc.
Blork the orc is severely wounded.
Blork the orc hits you but does no damage.
You hit Blork the orc.
Blork the orc is severely wounded.
Blork the orc hits you with a +2 broad axe of draining.
* * * LOW HITPOINT WARNING * * *
You hit Blork the orc.
Blork the orc is almost dead.
You closely miss Blork the orc.
Blork the orc is almost dead.
Blork the orc hits you but does no damage.
You closely miss Blork the orc.
Blork the orc is almost dead.
Blork the orc hits you but does no damage.
You completely miss Blork the orc.
Blork the orc is almost dead.
Blork the orc hits you but does no damage.
You completely miss Blork the orc.
Blork the orc is almost dead.
You hit Blork the orc but do no damage.
Blork the orc is almost dead.
Blork the orc hits you but does no damage.
You hit Blork the orc but do no damage.
Blork the orc is almost dead.
You feel less wooden.
Blork the orc gestures at you while chanting.
The puff of flame hits you.
* * * LOW HITPOINT WARNING * * *
You hit Blork the orc.
Blork the orc is almost dead.
Blork the orc points at you and mumbles some strange words.
The puff of flame hits you!
You die...

#####........#
#...o....#
#####....# #....#
#....# #....#
##....#######
#.......<...#
#.......o@รท.#
+...........#
#...........#
#...........#
#.............
................
##########+##....
....


You could see Blork the orc.

Vanquished Creatures
  A howler monkey (D:3)
  A leopard gecko (D:3)
  A goblin (D:3)
  A kobold (D:1)
  A ball python (D:4)
  2 bats
  A rat (D:2)
8 creatures vanquished.

Notes
Turn   | Place    | Note
-------+----------+-------------------------------------------
     0 | D:1      | Amnesiac the Halfling Monk began the quest for the Orb.
     0 | D:1      | Reached XP level 1. HP: 15/15 MP: 1/1
   154 | D:4      | Found a hazy altar of Hepliaklqana.
   155 | D:4      | Noticed Blork the orc
   163 | D:4      | Noticed a howler monkey
   184 | D:4      | Reached XP level 2. HP: 18/20 MP: 2/2
   194 | D:3      | Killed a howler monkey
   194 | D:3      | Reached XP level 3. HP: 8/25 MP: 3/3
   417 | D:4      | HP: 1/25 [Blork the orc/puff of flame (6)]
   418 | D:4      | Killed from afar by Blork the orc

Levels and vault maps discovered:
D:1:      minmay_arrival_solitary_statue, layout_basic,
          minmay_misc_feat_hallway, minmay_misc_feat_encased
D:2:      layout_loops_cross, grunt_temple_overflow_cloverleaf,
          grunt_decor_fettered, kennysheep_generic_room_12
D:3:      layout_basic, first_ration, uniq_terence, uniq_jessica
D:4:      layout_gridville, lemuel_doored_altar, nicolae_gozag_seed_capital,
          minmay_temple_entry_from_below_a, chequers_big_river,
          minmay_divided_ellipse, uniq_natasha, uniq_blork_the_orc

Skill      XL: |  1  2 |
---------------+-------+-----
Short Blades   | 4 |  4.3
Stealth        | 4 |  4.0
Fighting       | |  2.6
Dodging        | |  3.2

Action                   || total
-------------------------++-------
Melee: Short sword       ||    42
  Use: Potion            ||     1
 Stab: Sleeping          ||     2
Armor: Ring mail         ||     5
       Robe              ||     1
       Skin              ||     7
Dodge: Dodged            ||    11

Table legend:
 A = Non-vault XP
 B = Vault XP
 C = Vault XP percentage of total XP
 D = Non-vault monster count
 E = Vault monster count
 F = Vault count percentage of total count
                 A         B        C        D         E       F
            +---------+---------+-------+---------+---------+-------
      Total |      67 |       0 |   0.0 |       8 |       0 |   0.0
            +---------+---------+-------+---------+---------+-------
        D:1 |       3 |       0 |   0.0 |       2 |       0 |   0.0
        D:2 |       3 |       0 |   0.0 |       2 |       0 |   0.0
        D:3 |      60 |       0 |   0.0 |       3 |       0 |   0.0
        D:4 |       1 |       0 |   0.0 |       1 |       0 |   0.0
            +---------+---------+-------+---------+---------+-------
